 Dungeon Crawl Stone Soup version 0.30-a0-953-g5f1da4a474 (webtiles) character file.

Game seed: 136379357137034450

18254 retardedninja the Severer (level 12, -2/165 HPs)
             Began as a Minotaur Berserker on Mar 28, 2023.
             Was a High Priest of Trog.
             Slain by a hog (3 damage)
             ... led by Kirke
             ... on level 12 of the Dungeon.
             The game lasted 00:15:11 (12801 turns).

retardedninja the Severer (Minotaur Berserker)     Turns: 12801, Time: 00:15:11

Health: -2/165     AC:  0    Str: 25    XL:     12   Next: 26%
Magic:  0/11       EV: 18    Int:  4    God:    Trog [*****.]
Gold:   561        SH:  0    Dex: 12    Spells: 11/11 levels left

rFire   . . .      SeeInvis .    f - melded +1 broad axe (drain)
rCold   . . .      Faith    .    (shield currently unavailable)
rNeg    . . .      Spirit   +    F - melded +0 plate armour
rPois   .          Reflect  .    (helmet currently unavailable)
rElec   .          Rampage  .    v - melded +0 cloak
rCorr   .                        n - melded +1 pair of gloves
Will    .....                    w - melded +0 pair of boots Stlth
                                 D - amulet of guardian spirit
HPRegen 0.47/turn                c - melded +4 ring of slaying
MPRegen 0.12/turn                B - melded +6 ring of dexterity

@: berserking, pig-form, very quick
A: fast, no casting, small, (horns 2), (retaliatory headbutt)
a: Renounce Religion, Berserk, Trog's Hand, Brothers in Arms


You were on level 12 of the Dungeon.
You worshipped Trog.
Trog was extremely pleased with you.
You were a filthy swine.
You visited 2 branches of the dungeon, and saw 13 of its levels.

You collected 561 gold pieces.

Inventory:

Hand Weapons
 f - a +1 broad axe of draining (melded)
Missiles
 d - 3 boomerangs (quivered)
Armour
 n - a +1 pair of gloves (melded)
 v - a +0 cloak (melded)
 w - a +0 pair of boots (melded)
 F - a +0 plate armour (melded)
Jewellery
 c - a +4 ring of slaying (melded)
 B - a +6 ring of dexterity (melded)
 D - an amulet of guardian spirit (around neck)
Wands
 l - a wand of digging (9)
 m - a wand of flame (5)
 s - a wand of paralysis (4)
Scrolls
 b - 4 scrolls of teleportation
 i - 2 scrolls of blinking
 j - a scroll of amnesia
 o - a scroll of immolation
 p - 2 scrolls of fog
 q - a scroll of poison {unknown}
 r - a scroll of vulnerability {unknown}
 t - a scroll of fear {unknown}
 x - a scroll of noise {unknown}
Potions
 a - 3 potions of magic
 e - 2 potions of brilliance
 g - 3 potions of mutation
 h - a potion of lignification
 u - 3 potions of flight
 z - 2 potions of ambrosia
 A - a potion of degeneration
 C - a potion of curing


   Skills:
 + Level 11.6 Fighting
 * Level 15.5 Axes
 + Level 11.2 Armour
 + Level 10.3 Dodging


You had 11 spell levels left.
You didn't know any spells.
Your spell library was empty.

Dungeon Overview and Level Annotations

Branches:
Dungeon (12/15)            Temple (1/1) D:7            Lair (0/5) D:9
    Orc: D:9-12

Altars:
Ashenzari
Cheibriados
Dithmenos
Elyvilon
Fedhas
Gozag
Hepliaklqana
Kikubaaqudgha
Makhleb
Nemelex Xobeh
Okawaru
Qazlal
Ru
Sif Muna
Trog
Uskayaw
Vehumet
Wu Jian
Xom
Yredelemnul
Zin
The Shining One

Annotations:
D:12 Kirke


Innate Abilities, Weirdness & Mutations

You are a filthy swine.
You move quickly.
Your equipment is almost entirely melded.
You are incapable of wielding weapons or throwing items.
You cannot cast spells.
((You have a pair of horns on your head.))
((You reflexively headbutt those who attack you in melee.))


Message History

The hog completely misses you. The sphinx completely misses you.
The sphinx hits you! The sphinx hits you.
Unknown command.
Unknown command.
Unknown command.
Unknown command.
Unknown command.
You barely miss Kirke.
Kirke is lightly wounded.
Kirke hits you! The hog completely misses you.
The sphinx completely misses you. The sphinx hits you! The sphinx misses you.
A red film seems to cover your vision as you go berserk!
You feel yourself moving faster!
You feel mighty! The hog misses you.
Kirke points at you and mumbles some strange words.
You struggle to resist.
The sphinx hits you!! The sphinx hits you! x2
You bite Kirke!
Kirke is lightly wounded.
The hog bites you!
* * * LOW HITPOINT WARNING * * *
Kirke completely misses you.
You bite Kirke!
Kirke is moderately wounded.
The sphinx hits you!!
* * * LOW HITPOINT WARNING * * *
The sphinx misses you. The sphinx hits you!
* * * LOW HITPOINT WARNING * * *
The hog completely misses you.
You barely miss Kirke.
Kirke is moderately wounded.
Kirke hits you.
* * * LOW HITPOINT WARNING * * *
The sphinx hits you!!
* * * LOW HITPOINT WARNING * * *
The sphinx hits you.
* * * LOW HITPOINT WARNING * * *
The sphinx closely misses you.
You hit Kirke.
Kirke is moderately wounded.
The hog bites you.
You die...

####### .......
########## .......
#........# .......
#........# ....... .#
#........###h......
...#........#.h@......
#............#H......
###........###.......
####.##### ##+####
#.#######...
#...........
###+.≈≈≈≈≈≈≈≈≈
#....≈≈≈≈≈≈≈≈≈
#....≈≈#######


You could see Kirke, a sphinx (summoned) and a hog.

Vanquished Creatures
  A boulder beetle (D:11)
  4 two-headed ogres
  3 death yaks (D:9)
  An ugly thing (D:11)
  2 cyclopes (D:11)
  Joseph (D:7)
  An orange demon (D:9)
  A smoke demon (D:9)
  An unseen horror (D:11)
  2 ice devils (D:9)
  A troll (D:7)
  Prince Ribbit (D:9)
  Sigmund (D:5)
  2 shadows
  2 wraiths (D:11)
  2 wyverns
  21 yaks
  A basilisk (D:11)
  A steam dragon (D:8)
  3 hogs (D:12)
  3 vampire mosquitoes (D:11)
  Menkaure (D:7)
  Duvessa (D:7)
  2 orc warriors
  A water moccasin (D:7)
  3 sky beasts
  An ice beast (D:4)
  3 ogres
  4 centaurs
  2 phantoms (D:6)
  3 kobold brigands
  A gnoll sergeant (D:6)
  3 bullfrogs
  2 scorpions
  14 wights
  Dowan (D:7)
  24 killer bees
  3 howler monkeys
  2 quasits (D:9)
  3 orc priests
  2 hounds
  A sleepcap (D:8)
  6 iguanas
  6 orc wizards
  9 adders
  8 gnolls
  2 river rats (D:9)
  A shadow imp (D:6)
  3 white imps
  An ufetubus (D:6)
  2 worms
  2 dart slugs
  26 orcs
  8 endoplasms
  5 giant cockroaches
  4 goblins
  7 hobgoblins
  3 jackals (D:1)
  3 quokkas
  5 ball pythons
  7 bats
  2 frilled lizards
  18 kobolds
  8 rats
268 creatures vanquished.

Vanquished Creatures (others)
  An orange demon (D:9)
  3 demonic plants (D:9)
  4 toadstools (D:1)
8 creatures vanquished.

Grand Total: 276 creatures vanquished

Notes
Turn   | Place    | Note
-------+----------+-------------------------------------------
     0 | D:1      | retardedninja the Minotaur Berserker began the quest for
                  | the Orb.
     0 | D:1      | Reached XP level 1. HP: 19/19 MP: 0/0
    59 | D:1      | Reached XP level 2. HP: 27/27 MP: 1/1
   368 | D:1      | Reached skill level 4 in Axes
   644 | D:2      | Identified the +1 robe of Sublyir {rPois rF- Will+++ Int-5}
   681 | D:2      | Reached XP level 3. HP: 33/33 MP: 2/2
   707 | D:2      | Reached ** piety under Trog
  1350 | D:3      | Reached XP level 4. HP: 40/40 MP: 3/3
  1817 | D:3      | Reached skill level 5 in Axes
  1817 | D:3      | Reached XP level 5. HP: 26/47 MP: 4/4
  1963 | D:3      | Noticed an ogre
  1969 | D:3      | Killed an ogre
  1979 | D:3      | Reached *** piety under Trog
  2363 | D:4      | Reached XP level 6. HP: 38/55 MP: 5/5
  2608 | D:4      | Found a white marble altar of Elyvilon.
  2650 | D:4      | Reached skill level 5 in Fighting
  2970 | D:5      | Entered Level 5 of the Dungeon
  2970 | D:5      | Noticed Sigmund
  2970 | D:5      | Noticed an ice beast
  2977 | D:4      | Killed an ice beast
  2978 | D:4      | Reached skill level 6 in Axes
  3036 | D:5      | Killed Sigmund
  3037 | D:5      | Reached XP level 7. HP: 61/61 MP: 6/6
  3129 | D:5      | Reached skill level 7 in Axes
  3140 | D:5      | Reached skill level 5 in Armour
  3980 | D:5      | Reached skill level 5 in Dodging
  3980 | D:5      | Reached XP level 8. HP: 63/70 MP: 7/7
  4011 | D:5      | Reached skill level 8 in Axes
  4823 | D:6      | Reached **** piety under Trog
  4840 | D:6      | Reached skill level 9 in Axes
  5909 | D:6      | Reached XP level 9. HP: 79/79 MP: 8/8
  6385 | D:6      | Reached skill level 10 in Axes
  6541 | D:7      | Found a staircase to the Ecumenical Temple.
  6655 | D:7      | Noticed Joseph
  6672 | D:7      | Killed Joseph
  7054 | D:7      | Noticed a troll
  7068 | D:7      | Killed a troll
  7069 | D:7      | Reached skill level 11 in Axes
  7346 | D:7      | Noticed Duvessa
  7346 | D:7      | Noticed Dowan
  7353 | D:7      | Killed Duvessa
  7354 | D:7      | Killed Dowan
  7405 | D:7      | Found a sparkling altar of Nemelex Xobeh.
  7617 | D:7      | Noticed Menkaure
  7623 | D:7      | Killed Menkaure
  7805 | Temple   | Entered the Ecumenical Temple
  7961 | D:8      | Noticed a two-headed ogre
  7966 | D:8      | Reached XP level 10. HP: 90/90 MP: 9/9
  7966 | D:8      | Killed a two-headed ogre
  8065 | D:8      | Identified the +3 dagger of the Enfolding Oracle {freeze,
                  | rElec Dex+4}
  8140 | D:8      | Reached skill level 12 in Axes
  8195 | D:8      | Noticed a two-headed ogre
  8202 | D:8      | Killed a two-headed ogre
  8324 | D:8      | Noticed a two-headed ogre
  8332 | D:8      | Killed a two-headed ogre
  8531 | D:9      | Noticed an orange demon
  8534 | D:9      | Noticed a smoke demon
  8542 | D:9      | Killed a smoke demon
  8542 | D:9      | Killed an orange demon
  8543 | D:9      | Reached skill level 13 in Axes
  8824 | D:9      | Reached XP level 11. HP: 56/99 MP: 10/10
  8827 | D:9      | Reached skill level 10 in Fighting
  9156 | D:8      | Reached ***** piety under Trog
  9791 | D:9      | Noticed a death yak
  9793 | D:9      | Found a staircase to the Lair.
  9793 | D:9      | Noticed a death yak
  9803 | D:9      | Noticed a death yak
  9806 | D:9      | Killed a death yak
  9807 | D:9      | Reached skill level 10 in Armour
  9813 | D:9      | Killed a death yak
  9814 | D:9      | Reached skill level 14 in Axes
  9820 | D:9      | Killed a death yak
  9928 | D:9      | Noticed Prince Ribbit
  9932 | D:9      | Killed Prince Ribbit
 10346 | D:10     | Entered Level 10 of the Dungeon
 10494 | D:10     | Received a gift from Trog
 10972 | D:10     | Found a broken altar of Ashenzari.
 10973 | D:10     | Found a burning altar of Makhleb.
 10975 | D:10     | Found a glowing golden altar of the Shining One.
 10975 | D:10     | Found a snail-covered altar of Cheibriados.
 10978 | D:10     | Found a sacrificial altar of Ru.
 10979 | D:10     | Found a bloodstained altar of Trog.
 11658 | D:11     | Noticed a boulder beetle
 11664 | D:11     | Killed a boulder beetle
 11788 | D:11     | Reached skill level 15 in Axes
 12119 | D:11     | Noticed a green ugly thing
 12126 | D:11     | Killed a green ugly thing
 12127 | D:11     | Reached skill level 10 in Dodging
 12127 | D:11     | Reached XP level 12. HP: 74/110 MP: 8/11
 12483 | D:11     | Noticed a two-headed ogre
 12492 | D:11     | Killed a two-headed ogre
 12782 | D:12     | Noticed Kirke
 12791 | D:12     | Noticed a sphinx
 12800 | D:12     | HP: 3/165 [sphinx[Kirke] (18)]
 12800 | D:12     | HP: 1/165 [sphinx[Kirke] (2)]
 12801 | D:12     | Slain by a hog

Illustrated notes

Levels and vault maps discovered:
D:1:      ldierk_walled_garden_2, layout_loops_ring
D:2:      minmay_door_path, layout_basic, minivault_4
D:3:      layout_basic
D:4:      layout_basic, elyvilon_altar_1
D:5:      layout_basic, uniq_sigmund
D:6:      layout_layer_cave, nicolae_elevator_lobby_plus
D:7:      layout_loops_ring, marbit_many_paths, minmay_temple_entry_junction,
          dk_vineyard_1, uniq_joseph, uniq_menkaure, uniq_duvessa
D:8:      layout_rooms
D:9:      layout_irregular_city, dpeg_lair_monsters, serial_demonic,
          serial_demonic_g, serial_demonic_f, serial_demonic_f,
          serial_demonic_g, uniq_prince_ribbit1
D:10:     layout_long_grid, grunt_temple_overflow_open,
          minmay_misc_feat_ornament
D:11:     layout_irregular_city
D:12:     layout_roguey, erik_orc_2, uniq_kirke
Temple:   compressed_dpeg_circular_temple

Skill      XL: |  1  2  3  4  5  6  7  8  9 10 11 12 |
---------------+-------------------------------------+-----
Armour         | 3 4 5 6 8 9 10 11 | 11.2
Fighting       | 4 5 6 7 8 9 11 | 11.6
Axes           | 4 5 6 7 9 11 13 15 | 15.5
Dodging        | 3 4 5 6 7 8 10 | 10.3

Action                     |  1- 3 |  4- 6 |  7- 9 | 10-12 || total
---------------------------+-------+-------+-------+-------++-------
  Melee: Hand axe          |    64 |    51 |       |       ||   115
         Headbutt          |    12 |    17 |    31 |    58 ||   118
         War axe           |       |    39 |   180 |    12 ||   231
         Punch             |       |       |     3 |       ||     3
         Broad axe         |       |       |       |   232 ||   232
         Unarmed           |       |       |       |    11 ||    11
  Throw: Boomerang         |    29 |    15 |       |       ||    44
 Invoke: Berserk           |       |       |     2 |     3 ||     5
  Evoke: Wand              |       |       |     7 |       ||     7
    Use: Scroll            |       |     5 |     2 |    10 ||    17
         Potion            |       |     4 |     4 |     2 ||    10
   Stab: Invisible         |       |       |     2 |       ||     2
 Armour: Animal skin       |     6 |       |       |       ||     6
         Ring mail         |    22 |    40 |    29 |       ||    91
         Chain mail        |       |       |   100 |   112 ||   212
         Skin              |       |       |     1 |       ||     1
         Plate armour      |       |       |       |    40 ||    40
  Dodge: Dodged            |    53 |    41 |   173 |   174 ||   441

Table legend: (Time is in decaauts)
 A = Elapsed time spent in this place.
 B = Non-inter-level travel time spent in this place.
 C = Inter-level travel time spent in this place.
 D = Time resting spent in this place.
 E = Time spent auto-exploring this place.
 F = Levels seen in this place.
 G = Mean time per level.
                   A        B        C        D        E       F      G
               +--------+--------+--------+--------+--------+-----+--------+
         Total |  12885 |  12523 |    362 |   3448 |   7365 |  13 |  991.2 |
       Dungeon |  12755 |  12430 |    325 |   3448 |   7285 |  12 | 1062.9 |
        Temple |    129 |     92 |     37 |      0 |     80 |   1 |  129.0 |
               +--------+--------+--------+--------+--------+-----+--------+

Top non-repeatable levels by time:
     D:6: 1875 daAuts
     D:4: 1461 daAuts
     D:9: 1377 daAuts
     D:7: 1319 daAuts
    D:10: 1258 daAuts
    D:11: 1109 daAuts
     D:8: 1054 daAuts
     D:5: 995 daAuts
     D:3: 903 daAuts
     D:2: 748 daAuts
     D:1: 594 daAuts
  Temple: 129 daAuts
    D:12: 57 daAuts
